 Dungeon Crawl Stone Soup version 0.17.2-1-ge4368a0 (webtiles) character file.

102 ololoev the Chopper (level 4, 0/33 HPs)
             Began as a Demonspawn Gladiator on July 25, 2016.
             Slain by a worker ant (4 damage)
             ... on level 4 of the Dungeon.
             The game lasted 00:02:11 (397 turns).

ololoev the Chopper (Demonspawn Gladiator)           Turns: 397, Time: 00:02:11

Health: 0/33       AC: 14    Str: 16    XL:     4   Next: 49%
Magic:  4/4        EV:  5    Int: 10    God:
Gold:   38         SH:  2    Dex: 13    Spells: 0 memorised, 3 levels left

rFire  . . .     SeeInvis .     a - +0 war axe
rCold  + . .     Clarity  .     l - +0 plate armour
rNeg   . . .     SustAt   .     (no shield)
rPois  .         Gourm    .     c - +0 helmet
rElec  .         Spirit   .     (no cloak)
rCorr  .         Warding  .     h - +0 pair of gloves
rMut   .         Stasis   .     (no boots)
MR     .....                    (no amulet)
Stlth  ..........               (no ring)
                                (no ring)

@: lethally poisoned (0 -> -5), not resistant to hostile enchantments, extremely
unstealthy
A: talons 1, large bone plates 1, cold resistance 1
a: no special abilities


Innate Abilities, Weirdness & Mutations

You have sharp toenails.
You are partially covered in large bone plates (AC +2, SH +2).
Your flesh is cold resistant.

Inventory:

Hand Weapons
 a - a +0 war axe (weapon)
Missiles
 d - 3 throwing nets (quivered)
Armour
 c - a +0 helmet (worn)
 h - a +0 pair of gloves (worn)
 l - a +0 plate armour (worn)
Scrolls
 f - a scroll of identify {unknown}
 m - a scroll of random uselessness {unknown}
Potions
 b - a potion of agility {unknown}
 g - a potion of beneficial mutation {unknown}
 i - 2 potions of degeneration {unknown}
 k - a potion of lignification {unknown}
Comestibles
 e - a bread ration
 j - a meat ration


   Skills:
 - Level 2.0 Fighting
 * Level 4.3 Axes
 - Level 1.7 Throwing
 + Level 1.8 Armour
 - Level 2.6 Dodging


You had 3 spell levels left.
You didn't know any spells.


You were on level 4 of the Dungeon.
You were not hungry.

You visited 1 branch of the dungeon, and saw 4 of its levels.

You collected 38 gold pieces.

...........########.
########........ ...
#..#########. #..#
... #..# ##.
#.#########..# #.
#............# .
####...####.# #
#.@a....... #
.........####.....
######..## #######
#..# ### #..# #..
...# #.# ..... #.#
..... #.# #.#

Notes
Turn   | Place    | Note
--------------------------------------------------------------
     0 | D:1      | ololoev the Demonspawn Gladiator began the quest for the Orb.
     0 | D:1      | Reached XP level 1. HP: 16/16 MP: 1/1
    65 | D:1      | Reached skill level 3 in Axes
    80 | D:1      | Gained mutation: You have sharp toenails. [demonic ancestry]
    80 | D:1      | Reached XP level 2. HP: 16/22 MP: 2/2
    81 | D:1      | Reached skill level 1 in Armour
   197 | D:2      | Found a shattered altar of Ashenzari.
   248 | D:4      | Gained mutation: You are partially covered in large bone plates (AC +2, SH +2). [demonic ancestry]
   248 | D:4      | Reached XP level 3. HP: 11/27 MP: 3/3
   360 | D:4      | Reached skill level 4 in Axes
   360 | D:4      | Gained mutation: Your flesh is cold resistant. [demonic ancestry]
   360 | D:4      | Reached XP level 4. HP: 23/33 MP: 4/4
   397 | D:4      | Slain by a worker ant

Dungeon Overview and Level Annotations

Branches:
Dungeon (4/15)
 Temple: D:4-7

Altars:
Ashenzari


Message History

You feel sick. The worker ant bites you.
You barely miss the worker ant.
You claw the worker ant, but do no damage.
The worker ant is lightly wounded.
The worker ant bites you but does no damage. x2
Your plate armour prevents you from hitting the worker ant.
Your kick misses the worker ant.
The worker ant is lightly wounded.
The worker ant completely misses you.
You hit the worker ant but do no damage.
Your kick misses the worker ant.
The worker ant is lightly wounded.
You feel sick. The worker ant bites you.
You are lethally poisoned!
The worker ant poisons you!
The worker ant waves its antennae.
The worker ant bites you but does no damage.
You hit the worker ant but do no damage.
The worker ant is lightly wounded.
You feel sick. The worker ant closely misses you.
The worker ant bites you but does no damage.
You closely miss the worker ant.
The worker ant is lightly wounded.
You feel sick.
The worker ant bites you but does no damage.
Unknown command.
You closely miss the worker ant. You claw the worker ant.
The worker ant is moderately wounded.
The worker ant bites you but does no damage. x2
Unknown command.
You hit the worker ant. Your kick misses the worker ant.
The worker ant is heavily wounded.
You feel sick. The worker ant barely misses you.
Unknown command.
You closely miss the worker ant. Your kick misses the worker ant.
The worker ant is heavily wounded.
You feel sick.
The worker ant bites you but does no damage.
The worker ant bites you.
You die...

You could see a worker ant.

Vanquished Creatures
  A hound (D:4)
  A worker ant (D:4)
  An adder (D:4)
  3 giant geckos
  5 orcs (D:4)
  A ball python (D:1)
  2 bats
  5 giant cockroaches (D:1)
  A goblin (D:1)
  2 hobgoblins (D:1)
  5 rats
27 creatures vanquished.

Action                   |  1- 3 |  4- 6 || total
-------------------------+-------+-------++-------
Melee: War axe           |    88 |    12 ||   100

Vault maps used:
D:1:      minmay_arrival_glassed_features, st_stairs_10, kennysheep_doodads,
          grunt_decor_resistance
D:2:      nicolae_ashenzari_panopticon, lemuel_coloured_pillars_altar,
          minitemple, led_sif_pool
D:3:      first_bread
D:4:      amalloy_card_club
